 Dungeon Crawl Stone Soup version 0.27-a0-1090-gb115f176c6 (webtiles) character file.

Game seed: 9680073861988075632

23492 mnm the Impaler (level 12, -5/90 HPs)
             Began as a Minotaur Berserker on Apr 27, 2021.
             Was a High Priest of Trog.
             Slain by a nine-headed hydra (7 damage)
             ... on level 12 of the Dungeon.
             The game lasted 00:35:30 (17633 turns).

mnm the Impaler (Minotaur Berserker)               Turns: 17633, Time: 00:35:30

Health: -5/90      AC: 19    Str: 25    XL:     12   Next: 72%
Magic:  11/11      EV:  9    Int:  4    God:    Trog [*****.]
Gold:   792        SH:  5    Dex: 20    Spells: 11/11 levels left

rFire    . . .     SeeInvis +   F - +12 bardiche of Waufios {vorpal, Str+2 SInv}
rCold    + . .     Faith    .   (shield currently unavailable)
rNeg     . . .     Spirit   .   g - +1 plate armour
rPois    +         Reflect  +   (helmet restricted)
rElec    +         Harm     .   M - +0 cloak
rCorr    .         Rampage  .   L - +0 pair of gloves
Will     .....                  (no boots)
Stlth    ..........             Q - amulet of reflection
HPRegen  0.25/turn              p - +6 ring of dexterity
MPRegen  0.12/turn              R - ring of the Equinox {rElec rPois rC+ Slay+2 SInv}

@: about to teleport, on berserk cooldown, slowed, very slow
A: horns 2, retaliatory headbutt
a: Renounce Religion, Berserk, Trog's Hand, Brothers in Arms


You were on level 12 of the Dungeon.
You worshipped Trog.
Trog was extremely pleased with you.
You visited 1 branch of the dungeon, and saw 12 of its levels.

You collected 941 gold pieces.
You spent 149 gold pieces at shops.

Inventory:

Hand Weapons
 a - a +1 spear of flaming
 l - a +1 halberd
 w - a +3 vorpal war axe
 x - the +3 flail of Evil {vorpal, Str+5}
   (You found it on level 5 of the Dungeon)

   It inflicts extra damage upon your enemies.
   It affects your strength (+5).
 A - a +2 short sword of draining
 B - a +0 trident of flaming
 C - a +1 halberd
 D - a +2 flail of holy wrath
 F - the +12 bardiche of Waufios (weapon) {vorpal, Str+2 SInv}
   (You found it on level 6 of the Dungeon)

   It inflicts extra damage upon your enemies.
   It affects your strength (+2).
   It lets you see invisible.
 G - a +1 mace of holy wrath
 O - the +3 trident "Nyotsuar" {speed, Int+4}
   (You found it on level 9 of the Dungeon)

   Attacks with this weapon are significantly faster.
   It affects your intelligence (+4).
 S - the +8 trident "Uddoz" {vorpal, *Noise rElec Will+}
   (You found it on level 12 of the Dungeon)

   It inflicts extra damage upon your enemies.
   It insulates you from electricity.
   It may make noises in combat.
   It increases your willpower.
 T - a +3 glaive
 W - a +1 spear of pain
 X - a +2 flail of protection
Missiles
 i - 14 atropa-tipped darts
 V - 2 throwing nets
Armour
 b - a +0 animal skin
 f - a +1 scale mail
 g - a +1 plate armour (worn)
 j - a +0 ring mail
 k - a +0 helmet
 L - a +0 pair of gloves (worn)
 M - a +0 cloak (worn)
 N - a +0 buckler
 Y - a +0 troll leather armour
Jewellery
 p - a +6 ring of dexterity (left hand)
 r - a +4 ring of evasion
 Q - an amulet of reflection (around neck)
 R - the ring of the Equinox (right hand) {rElec rPois rC+ Slay+2 SInv}
   (You found it on level 12 of the Dungeon)

   [ring of see invisible]

   It affects your accuracy and damage with ranged weapons and melee attacks
   (+2).
   It protects you from cold.
   It insulates you from electricity.
   It protects you from poison.
   It lets you see invisible.
Wands
 m - a wand of mindburst (29)
 v - a wand of flame (36)
 y - a wand of polymorph (8)
 P - a wand of digging (8)
 Z - a wand of iceblast (6)
Scrolls
 q - a scroll of blinking
 t - 2 scrolls of noise
 u - 4 scrolls of teleportation
 z - a scroll of fear
 H - 5 scrolls of magic mapping
 K - 2 scrolls of identify
Potions
 c - 2 potions of might
 d - 2 potions of haste
 e - a potion of flight
 h - 2 potions of ambrosia
 n - 2 potions of degeneration
 o - 5 potions of mutation
 s - 3 potions of curing
 E - a potion of brilliance
 I - a potion of invisibility
 J - a potion of cancellation


   Skills:
 - Level 3.6 Fighting
 - Level 6.4(14.8) Axes
 * Level 9.0(9.9) Maces & Flails
 * Level 18.7(19.0) Polearms
 + Level 11.5 Armour
 - Level 2.1 Dodging
 - Level 1.6 Stealth
 + Level 1.4 Shields


You had 11 spell levels left.
You didn't know any spells.
Your spell library was empty.

Dungeon Overview and Level Annotations

Branches:
Dungeon (12/15)            Temple (0/1) D:5            Lair (0/6) D:10
    Orc (0/2) D:11

Altars:
Dithmenos
Gozag
Kikubaaqudgha
Makhleb
Ru
Sif Muna
Trog
Uskayaw
Xom
Yredelemnul
The Shining One

Shops:
D:5 (   D:9 *

Annotations:
D:10 2 transporters
D:12 exclusion: ice statue


Innate Abilities, Weirdness & Mutations

You have a pair of horns on your head.
You reflexively headbutt those who attack you in melee.


Message History

You are too injured to fight recklessly!
Unknown command.
You slash the shadow!
The shadow is heavily damaged.
The shadow hits you.
The nine-headed hydra bites you but does no damage.
The nine-headed hydra bites you.
You block the nine-headed hydra's attack.
The nine-headed hydra bites you.
The nine-headed hydra bites you but does no damage.
The nine-headed hydra bites you.
The nine-headed hydra bites you but does no damage.
You block the nine-headed hydra's attack.
The nine-headed hydra closely misses you.
The shadow slips into darkness.
The shadow flickers and vanishes for a moment.
As you read the scroll of teleportation, it crumbles to dust.
You feel strangely unstable.
The nine-headed hydra bites you but does no damage. x2
The nine-headed hydra barely misses you.
The nine-headed hydra bites you!
* * * LOW HITPOINT WARNING * * *
The nine-headed hydra bites you!
* * * LOW HITPOINT WARNING * * *
The nine-headed hydra bites you but does no damage. x4
The shadow barely misses you. You furiously retaliate!
You headbutt the shadow! The ice statue gestures at you.
The shard of ice hits the shadow.
The shadow partially resists.
The shadow is destroyed!
The nine-headed hydra bites you.
* * * LOW HITPOINT WARNING * * *
The nine-headed hydra closely misses you.
The nine-headed hydra bites you but does no damage.
The nine-headed hydra barely misses you.
The nine-headed hydra closely misses you.
The nine-headed hydra bites you!
* * * LOW HITPOINT WARNING * * *
You block the nine-headed hydra's attack.
The nine-headed hydra bites you!
You die...

.........# ## .......# ##..
#.^..# .......# #..# ## #.)..#
.......# #.. #8.# $.#. #....#
..)....# #.. #.$# ⌠..#..#....#
..))...# #..^ #..#
>?.≈#..#....# .......###.[.
#8.# .##.. 8.....#
.........#....#..#DW..≈#
#....# .........#...)##@D#
##.)..# ......#####....†#..#
##....## ......# ##.(.)##....
##)...##. ......#
###...###..###.(.###.. ####..#
#.###...####...###...# #..#
#...###...)..###.....#
#..######.....##.#.###.......#
#..........##......# #######.#
#...###....######### #.#


You could see a storm dragon, an ice statue, a nine-headed hydra and a wraith.

Vanquished Creatures
  Erica (D:9)
  5 two-headed ogres
  A tengu warrior (D:8)
  2 slime creatures (D:12)
  A flayed ghost (D:12)
  A deep elf pyromancer (D:12)
  An ugly thing (D:8)
  5 cyclopes
  A manticore (D:12)
  Joseph (D:9)
  2 gargoyles
  3 meliai (D:12)
  4 trolls
  2 hornets
  A vampire (D:12)
  A basilisk (D:10)
  25 yaks
  9 wraiths
  3 fire bats (D:12)
  5 wyverns
  3 steam dragons
  2 vampire mosquitoes (D:12)
  3 wargs (D:11)
  2 acid dragons
  3 water moccasins
  A black bear (D:4)
  4 orc warriors
  An ice beast (D:7)
  2 sky beasts (D:8)
  2 necrophages
  2 ogres
  4 centaurs
  3 bullfrogs
  4 gnoll sergeants
  A scorpion (D:10)
  3 water moccasin zombies
  A wyvern skeleton (D:7)
  6 killer bees
  A howler monkey (D:10)
  7 wights
  4 centaur zombies
  A jelly (D:8)
  4 orc priests
  3 centaur skeletons
  Jessica (D:3)
  2 iguanas (D:10)
  7 orc wizards
  A killer bee zombie (D:6)
  3 hound skeletons
  A howler monkey zombie (D:8)
  26 gnolls
  7 adders
  A white imp (D:7)
  An ufetubus (D:4)
  3 worms
  31 orcs
  5 ball pythons
  15 bats
  6 endoplasms
  2 giant cockroaches
  32 goblins
  34 hobgoblins
  4 jackals (D:3)
  2 quokkas
  3 frilled lizards
  8 kobolds
  7 rats
343 creatures vanquished.

Vanquished Creatures (others)
  A shadow (D:12)
  2 fungi (D:10)
  11 plants (D:10)
  2 toadstools (D:2)
16 creatures vanquished.

Grand Total: 359 creatures vanquished

Notes
Turn   | Place    | Note
-------+----------+-------------------------------------------
     0 | D:1      | mnm the Minotaur Berserker began the quest for the Orb.
     0 | D:1      | Reached XP level 1. HP: 19/19 MP: 0/0
   162 | D:1      | Reached skill level 4 in Polearms
   209 | D:1      | Found a faded altar of an unknown god.
   222 | D:1      | Reached XP level 2. HP: 26/26 MP: 1/1
  1014 | D:2      | Reached ** piety under Trog
  1105 | D:2      | Reached XP level 3. HP: 31/31 MP: 2/2
  1436 | D:2      | Reached skill level 5 in Polearms
  2043 | D:3      | Reached XP level 4. HP: 39/39 MP: 3/3
  2155 | D:3      | Reached skill level 1 in Stealth
  2288 | D:3      | Reached *** piety under Trog
  2397 | D:3      | Reached skill level 6 in Polearms
  2397 | D:3      | Reached XP level 5. HP: 45/45 MP: 4/4
  2842 | D:3      | Noticed Jessica
  2848 | D:3      | Killed Jessica
  2887 | D:3      | Found a shadowy altar of Dithmenos.
  2887 | D:3      | Found a sacrificial altar of Ru.
  3141 | D:3      | Reached **** piety under Trog
  4302 | D:4      | Noticed a black bear
  4314 | D:4      | Killed a black bear
  4315 | D:4      | Reached skill level 7 in Polearms
  4315 | D:4      | Reached XP level 6. HP: 42/51 MP: 5/5
  4445 | D:4      | Reached skill level 5 in Armour
  5331 | D:5      | Entered Level 5 of the Dungeon
  5351 | D:5      | Reached XP level 7. HP: 57/57 MP: 6/6
  5614 | D:5      | Found a staircase to the Ecumenical Temple.
  5835 | D:5      | Identified the +3 flail of Evil {vorpal, Str+5}
  5868 | D:5      | Reached skill level 8 in Polearms
  5926 | D:5      | Found a hide-covered altar of Uskayaw.
  6056 | D:5      | Found Wigupp's Antique Weapon Emporium.
  6060 | D:5      | Bought a glowing war axe for 149 gold pieces
  6724 | D:6      | Reached skill level 1 in Axes
  6724 | D:6      | Reached skill level 1 in Maces & Flails
  6812 | D:6      | Reached XP level 8. HP: 59/64 MP: 7/7
  6977 | D:6      | Identified the +12 bardiche of Waufios {vorpal, Str+2 SInv}
  7315 | D:6      | Found an opulent altar of Gozag.
  7549 | D:6      | Found a basalt altar of Yredelemnul.
  8618 | D:7      | Reached skill level 5 in Axes
  9922 | D:8      | Reached XP level 9. HP: 70/70 MP: 8/8
  9924 | D:8      | Reached ***** piety under Trog
  9931 | D:8      | Reached skill level 9 in Polearms
 10150 | D:8      | Reached skill level 5 in Maces & Flails
 10150 | D:8      | Reached skill level 10 in Polearms
 10446 | D:8      | Reached skill level 11 in Polearms
 11025 | D:8      | Noticed a tengu warrior
 11037 | D:8      | Killed a tengu warrior
 11038 | D:8      | Reached skill level 12 in Polearms
 11038 | D:8      | Reached XP level 10. HP: 51/77 MP: 9/9
 11296 | D:8      | Noticed a two-headed ogre
 11302 | D:8      | Killed a two-headed ogre
 11310 | D:8      | Noticed a white ugly thing
 11314 | D:8      | Killed a white ugly thing
 11315 | D:8      | Reached skill level 13 in Polearms
 12406 | D:9      | Identified the +3 trident "Nyotsuar" {speed, Int+4}
 12409 | D:9      | Reached skill level 14 in Polearms
 12409 | D:9      | Reached skill level 10 in Armour
 12510 | D:9      | Reached XP level 11. HP: 82/82 MP: 10/10
 12516 | D:9      | Noticed Joseph
 12524 | D:9      | Killed Joseph
 12934 | D:9      | Noticed Erica
 12945 | D:9      | Killed Erica
 12980 | D:9      | Found Bavah's Assorted Antiques.
 13209 | D:10     | Entered Level 10 of the Dungeon
 13264 | D:10     | Noticed a purple ugly thing
 13265 | D:10     | Found a transporter.
 13265 | D:10     | Noticed a purple ugly thing
 13267 | D:10     | Noticed a stone giant
 13268 | D:10     | Noticed a wolf spider
 13268 | D:10     | Noticed a four-headed hydra
 13269 | D:10     | Noticed a deep elf pyromancer
 13283 | D:10     | Found a transporter.
 13299 | D:10     | Reached skill level 15 in Polearms
 13330 | D:10     | Received a gift from Trog
 13488 | D:10     | Found a staircase to the Lair.
 13504 | D:10     | Noticed a two-headed ogre
 13513 | D:10     | Killed a two-headed ogre
 13531 | D:10     | Reached skill level 16 in Polearms
 14322 | D:10     | Found a shimmering altar of Xom.
 14579 | D:11     | Found a staircase to the Orcish Mines.
 14754 | D:11     | Noticed a two-headed ogre
 14759 | D:11     | Killed a two-headed ogre
 14967 | D:11     | Found a bloodstained altar of Trog.
 15214 | D:11     | Reached XP level 12. HP: 85/90 MP: 11/11
 15388 | D:12     | Reached skill level 17 in Polearms
 16040 | D:12     | Found a runed translucent door.
 16059 | D:12     | Found a hide-covered altar of Uskayaw.
 16071 | D:12     | Found a glowing golden altar of the Shining One.
 16078 | D:12     | Found an ancient bone altar of Kikubaaqudgha.
 16085 | D:12     | Found a burning altar of Makhleb.
 16147 | D:12     | Found a shimmering altar of Xom.
 16158 | D:12     | Found a shimmering blue altar of Sif Muna.
 16393 | D:12     | Identified the ring of the Equinox {rElec rPois rC+ Slay+2
                  | SInv}
 16395 | D:12     | Identified the +8 trident "Uddoz" {vorpal, *Noise rElec
                  | Will+}
 16671 | D:12     | Noticed a two-headed ogre
 16676 | D:12     | Killed a two-headed ogre
 16677 | D:12     | Reached skill level 18 in Polearms
 16856 | D:12     | Noticed a two-headed ogre
 16869 | D:12     | Killed a two-headed ogre
 16870 | D:12     | Reached skill level 1 in Shields
 17627 | D:12     | Received a gift from Trog
 17629 | D:12     | Noticed a death knight
 17629 | D:12     | Noticed an eight-headed hydra
 17629 | D:12     | Noticed a storm dragon
 17633 | D:12     | HP: 2/90 [nine-headed hydra (8)]
 17633 | D:12     | Slain by a nine-headed hydra

Illustrated notes

Levels and vault maps discovered:
D:1:      minmay_arrival_stone_box, layout_loops_cross, basic_ecumenical_altar,
          minmay_misc_feat_five
D:2:      layout_loops_corners, chequers_serial_rivers_marsh,
          minmay_gold_behind_fungi
D:3:      minmay_goblin_kobold_castle, layout_rooms,
          gammafunk_temple_overflow_wave, uniq_jessica
D:4:      layout_basic, minmay_misc_feat_doors
D:5:      layout_loops_ring, eat_drink_and_be_merry_uskayaw,
          minmay_temple_entry_glassed_door, serial_shops, shop
D:6:      layout_basic, nicolae_gozag_cash_rules_everything_around_me,
          lemuel_round_altar, hex_intersection
D:7:      layout_basic
D:8:      minmay_the_grid_octo_tiled_squarecenter
          [minmay_the_grid_octo_fat_diamond, minmay_the_grid_octo_77,
          minmay_the_grid_octo_toaster, minmay_the_grid_octo_chip,
          minmay_the_grid_square_5x5_megaprize_hollow,
          minmay_the_grid_square_5x5_trominoes,
          minmay_the_grid_square_5x5_checkered,
          minmay_the_grid_square_5x5_three_walls,
          minmay_the_grid_square_5x5_hollow_slash], layout_basic,
          minmay_misc_feat_encased
D:9:      layout_small_grid, serial_shops, nicolae_shop_stone, uniq_erica,
          uniq_joseph
D:10:     gammafunk_sealed_arena, layout_grid_maze, lemuel_tele_altar,
          minmay_lair_entry_grove
D:11:     layout_gridville, minmay_orc_entry_guard_dogs, grunt_decor_fettered,
          trog_three_pillars_becter
D:12:     due_megacathedral, layout_irregular_city, nzn_random_ring

Skill      XL: |  1  2  3  4  5  6  7  8  9 10 11 12 |
---------------+-------------------------------------+-----
Polearms       | 4 5 6 7 8 12 14 16 18 | 18.7
Armour         | 3 4 5 7 8 9 10 11 | 11.5
Stealth        | 1 |  1.6
Axes           | 1 6 |  6.4
Maces & Flails | 2 4 5 6 8 9 |  9.0
Shields        | 1 |  1.4
Fighting       | |  3.6
Dodging        | |  2.1

Action                   |  1- 3 |  4- 6 |  7- 9 | 10-12 || total
-------------------------+-------+-------+-------+-------++-------
Melee: Spear             |   111 |   172 |       |       ||   283
       Headbutt          |     7 |    24 |    34 |    49 ||   114
       Halberd           |       |     4 |    30 |       ||    34
       War axe           |       |       |    62 |       ||    62
       Bardiche          |       |       |    68 |   266 ||   334
Invok: Berserk           |     2 |     6 |    14 |    14 ||    36
  Use: Scroll            |     5 |     5 |    10 |     6 ||    26
       Potion            |       |       |     2 |     1 ||     3
 Stab: Sleeping          |     2 |       |       |       ||     2
       Distracted        |       |       |     1 |       ||     1
Armor: Scale mail        |    22 |    45 |       |       ||    67
       Animal skin       |     1 |       |       |       ||     1
       Plate armour      |       |     4 |    86 |   132 ||   222
Dodge: Dodged            |    35 |    67 |    91 |   127 ||   320
Block: Other             |       |       |       |    26 ||    26
       Reflection        |       |       |       |     1 ||     1

Table legend: (Time is in decaauts)
 A = Elapsed time spent in this place.
 B = Non-inter-level travel time spent in this place.
 C = Inter-level travel time spent in this place.
 D = Time resting spent in this place.
 E = Time spent auto-exploring this place.
 F = Levels seen in this place.
 G = Mean time per level.
                   A        B        C        D        E       F      G
               +--------+--------+--------+--------+--------+-----+--------+
         Total |  17978 |  16845 |   1133 |   5875 |   9232 |  12 | 1498.2 |
       Dungeon |  17978 |  16845 |   1133 |   5875 |   9232 |  12 | 1498.2 |
               +--------+--------+--------+--------+--------+-----+--------+

Top non-repeatable levels by time:
     D:3: 2469 daAuts
     D:8: 2348 daAuts
    D:12: 2345 daAuts
     D:7: 1782 daAuts
     D:6: 1445 daAuts
    D:10: 1362 daAuts
     D:5: 1358 daAuts
     D:9: 1160 daAuts
     D:4: 1096 daAuts
     D:1: 894 daAuts
     D:2: 882 daAuts
    D:11: 832 daAuts
